 Dungeon Crawl Stone Soup version 0.30-a0-4-ga7cffc901d (webtiles) character file.

Game seed: 15852792473783689103

214 Setbun the Sneak (level 6, -1/35 HPs)
             Began as a Kobold Enchanter on Aug 20, 2022.
             Slain by a phantom (4 damage)
             ... on level 4 of the Dungeon.
             The game lasted 00:02:26 (1585 turns).

Setbun the Sneak (Kobold Enchanter)                 Turns: 1585, Time: 00:02:27

Health: -1/35      AC:  2    Str:  5    XL:     6   Next: 14%
Magic:  10/10      EV: 15    Int: 17    God:
Gold:   59         SH:  5    Dex: 17    Spells: 10/10 levels left

rFire   . . .      SeeInvis .    d - +1 dagger (freeze)
rCold   . . .      Faith    .    e - +0 buckler
rNeg    . . .      Spirit   .    b - +0 robe
rPois   .          Reflect  .    (no helmet)
rElec   .          Harm     .    (no cloak)
rCorr   .          Rampage  .    (no gloves)
Will    .....                    (no boots)
Stlth   ++++......               (no amulet)
HPRegen 0.11/turn                (no ring)
MPRegen 0.12/turn                (no ring)

@: no status effects
A: small, no large weapons, nightstalker 3
a: no special abilities


You were on level 4 of the Dungeon.
You visited 1 branch of the dungeon, and saw 3 of its levels.

You collected 59 gold pieces.

Inventory:

Hand Weapons
 a - a +1 dagger
 d - a +1 dagger of freezing (weapon)
Armour
 b - a +0 robe (worn)
 e - a +0 buckler (worn)
Scrolls
 h - 3 scrolls of identify {unknown}
 k - 2 scrolls of teleportation {unknown}
 n - a scroll of fear {unknown}
 o - a scroll of magic mapping {unknown}
 p - 2 scrolls of noise {unknown}
 q - a scroll of enchant armour {unknown}
Potions
 c - 2 potions of invisibility
 f - a potion of haste {unknown}
 g - a potion of mutation {unknown}
 i - a potion of degeneration {unknown}
 j - 3 potions of curing {unknown}
 l - a potion of resistance {unknown}
 m - 2 potions of brilliance {unknown}


   Skills:
 + Level 1.8 Fighting
 + Level 2.8 Short Blades
 + Level 3.5 Dodging
 * Level 5.8 Stealth
 + Level 1.1 Shields
 + Level 2.8 Spellcasting
 + Level 3.4 Hexes


You had 10 spell levels left.
You didn't know any spells.
Your spell library contained the following spells:

 Spells                   Type           Power      Damage    Failure   Level
 Confusing Touch          Hex            14%        N/A       19%         3
 Tukima's Dance           Hex            14%        N/A       19%         3
 Ensorcelled Hibernation  Hex/Ice        16%        N/A       21%         2
 Dazzling Flash           Conj/Hex       16%        N/A       36%         3


Dungeon Overview and Level Annotations

Branches:
Dungeon (2/15)

Altars:


Innate Abilities, Weirdness & Mutations

You are small and have problems with some larger weapons.
You are completely attuned to the shadows.


Message History

The phantom misses you.
You hit the phantom but do no damage.
The phantom is moderately damaged.
The phantom barely misses you.
You hit the phantom but do no damage.
The phantom is moderately damaged.
You block the phantom's attack.
You hit the phantom.
The phantom is moderately damaged.
The phantom hits you.
You closely miss the phantom.
The phantom is moderately damaged.
The phantom hits you!
* * * LOW HITPOINT WARNING * * *
The phantom blinks!
You blink.
You hit the phantom.
The phantom is heavily damaged.
The phantom misses you.
You hit the phantom.
The phantom is heavily damaged.
You miss the phantom.
The phantom is heavily damaged.
The phantom misses you.
You hit the phantom.
The phantom is severely damaged.
The phantom hits you.
* * * LOW HITPOINT WARNING * * *
You barely miss the phantom.
The phantom is severely damaged.
The phantom closely misses you.
You hit the phantom but do no damage.
The phantom is severely damaged.
The phantom completely misses you.
You miss the phantom.
The phantom is severely damaged.
You block the phantom's attack.
You hit the phantom but do no damage.
The phantom is heavily damaged.
The phantom hits you.
You die...

# #......# ##.##.#
#.##.#.##.###...#.#
#......##.##......#
####.####.........#
###.#########.#..#
#....... # ####.#
##.#.###..# ~~##.#
#.#..###..# P.~#.#
##...W@...# b~##.#
#.#####..#######.#
#.# ##.......## #..
#.........# #..
+.........+
#.........#
##.......##
#########


You could see a phantom.

Vanquished Creatures
  Sigmund (D:2)
  A worm (D:2)
  A dart slug (D:1)
  2 giant cockroaches
  A goblin (D:1)
  4 hobgoblins (D:1)
  4 jackals (D:1)
  5 quokkas
  4 ball pythons (D:1)
  5 bats
  6 frilled lizards
  5 kobolds
  6 rats
45 creatures vanquished.

Vanquished Creatures (others)
  6 fungi (D:4)
6 creatures vanquished.

Grand Total: 51 creatures vanquished

Notes
Turn   | Place    | Note
-------+----------+-------------------------------------------
     0 | D:1      | Setbun the Kobold Enchanter began the quest for the Orb.
     0 | D:1      | Reached XP level 1. HP: 10/10 MP: 3/3
   296 | D:1      | Reached XP level 2. HP: 16/16 MP: 5/5
   409 | D:1      | Reached XP level 3. HP: 20/20 MP: 6/6
  1073 | D:2      | Noticed Sigmund
  1075 | D:2      | Killed Sigmund
  1076 | D:2      | Reached skill level 1 in Fighting
  1076 | D:2      | Reached skill level 5 in Stealth
  1076 | D:2      | Reached skill level 1 in Shields
  1076 | D:2      | Reached XP level 4. HP: 26/26 MP: 6/8
  1076 | D:2      | Reached XP level 5. HP: 30/30 MP: 6/9
  1076 | D:2      | Reached XP level 6. HP: 35/35 MP: 6/10
  1524 | D:2      | You fall into a shaft and drop 2 floors!
  1585 | D:4      | Slain by a phantom

Illustrated notes

Levels and vault maps discovered:
D:1:      beargit_arrival_diablo_church, layout_loops_corners,
          minmay_misc_feat_pillars
D:2:      layout_basic, st_stairs_7, chequers_serial_rivers_room_a,
          dk_noncrumbling_2, uniq_sigmund, uniq_crazy_yiuf_cottage
D:4:      layout_loops_corners, nicolae_ru_great_annihilating_truth,
          serial_aquarium, aquarium_bridge_island_small
          [aquarium_subvault_small_open, aquarium_subvault_window,
          aquarium_subvault_wall, aquarium_subvault_bridge,
          aquarium_subvault_wall], aquarium_window_corner, aquarium_window_fake,
          aquarium_window_fake, aquarium_window_1, aquarium_view_2c,
          aquarium_view_2e, aquarium_balcony_3b

Skill      XL: |  1  2  3 |
---------------+----------+-----
Short Blades   | 2 |  2.8
Fighting       | 1 |  1.8
Dodging        | 3 |  3.5
Stealth        | 5 |  5.8
Shields        | 1 |  1.1
Spellcasting   | |  2.8
Hexes          | |  3.4

Action                   |  1- 3 |  4- 6 || total
-------------------------+-------+-------++-------
Melee: Dagger            |    42 |    69 ||   111
 Stab: Sleeping          |    25 |     5 ||    30
       Distracted        |     1 |       ||     1
Armor: Robe              |     2 |     5 ||     7
Dodge: Dodged            |    13 |    30 ||    43
Block: Buckler           |     3 |    13 ||    16

Table legend: (Time is in decaauts)
 A = Elapsed time spent in this place.
 B = Non-inter-level travel time spent in this place.
 C = Inter-level travel time spent in this place.
 D = Time resting spent in this place.
 E = Time spent auto-exploring this place.
 F = Levels seen in this place.
 G = Mean time per level.
                   A        B        C        D        E       F      G
               +--------+--------+--------+--------+--------+-----+--------+
         Total |   1578 |   1532 |     46 |      0 |   1257 |   3 |  526.0 |
       Dungeon |   1578 |   1532 |     46 |      0 |   1257 |   3 |  526.0 |
               +--------+--------+--------+--------+--------+-----+--------+

Top non-repeatable levels by time:
     D:1: 1071 daAuts
     D:2: 447 daAuts
     D:4: 59 daAuts
